 Dungeon Crawl Stone Soup version 0.23.2-1-ga50397a6bc (webtiles) character file.

Game seed: 12739691015728617077

484 Peloso the Covered (level 6, -3/56 HPs)
             Began as a Minotaur Fighter on May 29, 2019.
             Slain by a black bear (5 damage)
             ... on level 5 of the Dungeon.
             The game lasted 00:05:53 (3699 turns).

Peloso the Covered (Minotaur Fighter)               Turns: 3699, Time: 00:05:54

Health: -3/56      AC: 10    Str: 25    XL:     6   Next: 88%
Magic:  5/5        EV:  7    Int:  5    God:
Gold:   231        SH: 10    Dex: 11    Spells: 5/5 levels left

rFire    . . .     SeeInvis .   a - +0 long sword
rCold    . . .     Gourm    .   c - +0 shield
rNeg     + . .     Faith    .   B - +0 chain mail
rPois    .         Spirit   .   (helmet restricted)
rElec    .         Reflect  .   (no cloak)
rCorr    .         Harm     .   (no gloves)
MR       .....                  (no boots)
Stlth    ..........             (no amulet)
HPRegen  0.18/turn              x - ring of positive energy
MPRegen  0.09/turn              t - +4 ring of strength

@: lethally poisoned (-3 -> -6)
A: retaliatory headbutt, horns 2
a: no special abilities


You were on level 5 of the Dungeon.
You were not hungry.

You visited 1 branch of the dungeon, and saw 5 of its levels.

You collected 231 gold pieces.

Inventory:

Hand Weapons
 a - a +0 long sword (weapon)
Armour
 b - a +0 scale mail
 c - a +0 shield (worn)
 B - a +0 chain mail (worn)
Jewellery
 l - an uncursed ring of flight
 t - a +4 ring of strength (right hand)
 x - a ring of positive energy (left hand)
Wands
 A - a wand of paralysis (10)
Scrolls
 h - 2 scrolls of enchant armour {unknown}
 i - 2 scrolls of blinking {unknown}
 j - 4 scrolls of remove curse
 o - 3 scrolls of identify {unknown}
 p - a scroll of teleportation {unknown}
 v - 2 scrolls of amnesia {unknown}
 w - a scroll of magic mapping {unknown}
 y - a scroll of random uselessness {unknown}
Potions
 d - a potion of might
 e - a potion of lignification {unknown}
 g - a potion of heal wounds {unknown}
 k - a potion of cancellation {unknown}
 m - a potion of agility {unknown}
 n - a potion of mutation {unknown}
 q - 4 potions of haste {unknown}
 r - a potion of curing {unknown}
 s - a potion of brilliance {unknown}
 u - a potion of resistance {unknown}
 z - a potion of invisibility {unknown}
Comestibles
 f - 6 rations


   Skills:
 + Level 5.0 Fighting
 + Level 4.7 Long Blades
 + Level 5.7 Armour
 + Level 2.2 Dodging
 + Level 0.1 Stealth
 + Level 5.4 Shields


You had 5 spell levels left.
You didn't know any spells.
Your spell library was empty.

Dungeon Overview and Level Annotations

Branches:
Dungeon (5/15)
 Temple: D:4-7

Altars:


Innate Abilities, Weirdness & Mutations

You reflexively headbutt those who attack you in melee.
You have a pair of horns on your head.


Message History

The black bear goes berserk!
You barely miss the black bear.
The black bear is almost dead.
You feel sick. You block the black bear's attack.
The black bear claws you but does no damage.
You block the black bear's attack. The black bear bites you.
* * * LOW HITPOINT WARNING * * *
The black bear claws you but does no damage. x2
You barely miss the black bear. Your headbutt misses the black bear.
The black bear is almost dead.
The black bear bites you.
* * * LOW HITPOINT WARNING * * *
The black bear claws you.
* * * LOW HITPOINT WARNING * * *
The black bear claws you.
* * * LOW HITPOINT WARNING * * *
The black bear bites you!
* * * LOW HITPOINT WARNING * * *
The black bear claws you.
You die...

#########
#.$.....#
#.......#
#.......#
#.......#
#.......#
#..h....#
##..@....#
#........#
#........#
#.$......#
##......$#
##'######
#.......#
#.......#
+.....).#


You could see a black bear (berserk).

Vanquished Creatures
  A scorpion (D:5)
  An orc priest (D:5)
  2 bullfrog skeletons (D:4)
  Natasha (thrice) (D:2)
  3 worker ants (D:4)
  15 adders
  3 dart slugs
  A leopard gecko (D:1)
  3 orcs
  4 giant cockroaches
  8 goblins
  8 hobgoblins
  6 jackals
  A ball python (D:3)
  2 bats (D:3)
  4 frilled lizards
  4 kobolds
  A leopard gecko skeleton (D:5)
  4 rats (D:3)
74 creatures vanquished.

Notes
Turn   | Place    | Note
-------+----------+-------------------------------------------
     0 | D:1      | Peloso the Minotaur Fighter began the quest for the Orb.
     0 | D:1      | Reached XP level 1. HP: 19/19 MP: 0/0
   214 | D:1      | Reached XP level 2. HP: 17/27 MP: 1/1
   844 | D:2      | Noticed Natasha
   846 | D:2      | Reached XP level 3. HP: 33/33 MP: 2/2
  1070 | D:2      | Killed Natasha
  1070 | D:2      | Reached skill level 1 in Dodging
  1154 | D:2      | Noticed Natasha
  1167 | D:2      | Killed Natasha
  1167 | D:2      | Reached XP level 4. HP: 23/40 MP: 3/3
  1598 | D:2      | Reached XP level 5. HP: 36/46 MP: 4/4
  1963 | D:2      | Noticed Natasha
  1979 | D:2      | Killed Natasha
  2850 | D:4      | Reached skill level 5 in Armour
  2850 | D:4      | Reached XP level 6. HP: 50/55 MP: 5/5
  3448 | D:4      | Reached skill level 5 in Shields
  3658 | D:5      | Entered Level 5 of the Dungeon
  3665 | D:5      | Reached skill level 5 in Fighting
  3699 | D:5      | HP: 2/56 [black bear (7)]
  3699 | D:5      | Slain by a black bear

Skill      XL: |  1  2  3  4  5  6 |
---------------+-------------------+-----
Fighting       | 4 5 |  5.0
Long Blades    | 3 4 |  4.7
Armour         | 4 5 |  5.7
Dodging        | 1 2 |  2.2
Shields        | 4 5 |  5.4
Stealth        | |  0.1

Action                   |  1- 3 |  4- 6 || total
-------------------------+-------+-------++-------
Melee: Long sword        |    65 |   182 ||   247
       Headbutt          |     9 |    41 ||    50
  Use: Scroll            |       |     1 ||     1
  Eat: Chunk             |       |     6 ||     6
       Ration            |       |     1 ||     1
Armor: Scale mail        |    33 |    63 ||    96
       Chain mail        |       |    24 ||    24
Dodge: Dodged            |    13 |    58 ||    71
Block: Shield            |    26 |   112 ||   138
       Rpst.: Long sword |     1 |    15 ||    16
